| TOP OF THE 1ST |
|
University of Georgia Bulldogs batting - Pitching for University of Miami Hurricanes : LHP Ricky Lopez
|
|
Pitching: LHP Ricky Lopez
|
|
|
Batting: RHB Patrick Pinault
|
0-0: Bunt for hit to 13S - play at first, batter safe!
|
|
Batting: LHB Antonio Razo
|
0-0: Called Strike 0-1: Ball 1-1: Ball 2-1: Called Strike 2-2: Fly out, F3 (Popup, 3SF, EV 73.8 MPH)
|
|
Batting: RHB Terry Oetker
|
0-0: Ball 1-0: Called Strike 1-1: Ball 2-1: 2-RUN HOME RUN (Flyball, 89XD, EV 97.5 MPH), Distance : 386 ft
|
|
Batting: RHB Jeff Floyd
|
0-0: Fly out, F4 (Line Drive, 4, EV 71.9 MPH)
|
|
Batting: RHB Armando Ramirez
|
0-0: Ball 1-0: Called Strike 1-1: Foul Ball, location: 2F 1-2: Foul Ball, location: 2F 1-2: Ball 2-2: Foul Ball, location: 2F 2-2: Ground out 6-3 (Groundball, 6, EV 88.8 MPH)
|
| Top of the 1st over - 2 runs, 2 hits, 0 errors, 0 left on base; University of Georgia 2 - University of Miami 0 |
| BOTTOM OF THE 1ST |
|
University of Miami Hurricanes batting - Pitching for University of Georgia Bulldogs : LHP David Ayala
|
|
Pitching: LHP David Ayala
|
|
|
Batting: LHB Timotheus Young
|
0-0: Called Strike 0-1: Ball 1-1: Called Strike 1-2: Strikes out swinging
|
|
Batting: RHB Alex Velasco
|
0-0: Ground out 6-3 (Groundball, 6, EV 105.6 MPH)
|
|
Batting: LHB Ramon Garduno
|
0-0: Called Strike 0-1: Called Strike 0-2: Strikes out looking
|
| Bottom of the 1st over - 0 runs, 0 hits, 0 errors, 0 left on base; University of Georgia 2 - University of Miami 0 |
| TOP OF THE 2ND |
|
University of Georgia Bulldogs batting - Pitching for University of Miami Hurricanes : LHP Ricky Lopez
|
|
Batting: RHB Ivan Barrientos
|
0-0: Called Strike 0-1: Ball 1-1: Fly out, F7 (Flyball, 7LM, EV 90.6 MPH)
|
|
Batting: RHB Jose Garibay
|
0-0: Foul Ball, location: 2F 0-1: Fly out, F7 (Flyball, 7LS, EV 85.6 MPH)
|
|
Batting: RHB Pedro Gonzalez
|
0-0: Ball 1-0: Ball 2-0: Called Strike 2-1: Foul Ball, location: 2F 2-2: Ball 3-2: Foul Ball, location: 2F 3-2: Fly out, F9 (Flyball, 9LM, EV 97.5 MPH)
|
| Top of the 2nd over - 0 runs, 0 hits, 0 errors, 0 left on base; University of Georgia 2 - University of Miami 0 |
| BOTTOM OF THE 2ND |
|
University of Miami Hurricanes batting - Pitching for University of Georgia Bulldogs : LHP David Ayala
|
|
Batting: RHB Cesar Rendon
|
0-0: Called Strike 0-1: Swinging Strike 0-2: Ball 1-2: Ball 2-2: Ball 3-2: Strikes out swinging
|
|
Batting: LHB Kiyosumi Yoshioka
|
0-0: SINGLE (Groundball, 4MD, EV 99.4 MPH)
|
|
Batting: RHB Guo Kwok
|
0-0: Ball 1-0: Ball 2-0: Swinging Strike 2-1: SINGLE (Groundball, 56D, EV 95.0 MPH) Kiyosumi Yoshioka to second Kiyosumi Yoshioka to third
|
|
Batting: SHB Dan Strickland
|
0-0: Ball 1-0: Ball 2-0: Ball 3-0: Base on Balls Guo Kwok to second
|
|
Batting: RHB Akira Kubo
|
0-0: Ball 1-0: SINGLE (Groundball, 4MD, EV 102.5 MPH) Kiyosumi Yoshioka scores Guo Kwok to third Dan Strickland to second
|
|
Batting: RHB R.J. Gomez
|
0-0: Ball 1-0: Ball 2-0: Ball 3-0: Called Strike 3-1: Base on Balls Guo Kwok scores Dan Strickland to third Akira Kubo to second
|
|
Batting: LHB Timotheus Young
|
0-0: Ball 1-0: Called Strike 1-1: Fielders Choice at 2nd, 3-6 (Groundball, 23, EV 88.8 MPH) Dan Strickland scores Akira Kubo to third
|
|
Batting: RHB Alex Velasco
|
0-0: Called Strike 0-1: Called Strike 0-2: Ball 1-2: Strikes out swinging
|
| Bottom of the 2nd over - 3 runs, 3 hits, 0 errors, 2 left on base; University of Georgia 2 - University of Miami 3 |
| TOP OF THE 3RD |
|
University of Georgia Bulldogs batting - Pitching for University of Miami Hurricanes : LHP Ricky Lopez
|
|
Batting: LHB Jesus Huante
|
0-0: Called Strike 0-1: Fly out, F7 (Flyball, 7LM, EV 80.6 MPH)
|
|
Batting: RHB Patrick Pinault
|
0-0: Called Strike 0-1: Ball 1-1: Foul Ball, location: 2F 1-2: Strikes out swinging
|
|
Batting: LHB Antonio Razo
|
0-0: Foul Ball, location: 2F 0-1: Called Strike 0-2: Ball 1-2: Strikes out swinging
|
| Top of the 3rd over - 0 runs, 0 hits, 0 errors, 0 left on base; University of Georgia 2 - University of Miami 3 |
| BOTTOM OF THE 3RD |
|
University of Miami Hurricanes batting - Pitching for University of Georgia Bulldogs : LHP David Ayala
|
|
Batting: LHB Ramon Garduno
|
0-0: Ball 1-0: Fly out, F2 (Popup, 15S, EV 91.3 MPH)
|
|
Batting: RHB Cesar Rendon
|
0-0: Ball 1-0: Ball 2-0: Ground out 1-3 (Groundball, 15S, EV 61.3 MPH)
|
|
Batting: LHB Kiyosumi Yoshioka
|
0-0: Ball 1-0: SINGLE (Line Drive, 89S, EV 96.9 MPH)
|
|
Batting: RHB Guo Kwok
|
0-0: Foul Ball, location: 2F 0-1: Ball 1-1: Swinging Strike 1-2: Ball 2-2: Foul Ball, location: 3F, Error on foul ball, E3 2-2: Foul Ball, location: 2F 2-2: Ball 3-2: Base on Balls Kiyosumi Yoshioka to second
|
|
Batting: SHB Dan Strickland
|
0-0: Called Strike 0-1: Called Strike 0-2: SINGLE (Groundball, 4M, EV 83.8 MPH) (infield hit) Kiyosumi Yoshioka to third Guo Kwok to second
|
|
Batting: RHB Akira Kubo
|
0-0: Foul Ball, location: 2F 0-1: SINGLE (Groundball, 56D, EV 98.1 MPH) Kiyosumi Yoshioka scores Guo Kwok to third Dan Strickland to second Runner from 3rd tries for Home, SAFE, throw by LF to home
|
|
Pitching: RHP Matt Schmidt
|
|
|
Batting: RHB R.J. Gomez
|
0-0: Fly out, F8 (Flyball, 8LD, EV 100.6 MPH)
|
| Bottom of the 3rd over - 2 runs, 3 hits, 1 error, 2 left on base; University of Georgia 2 - University of Miami 5 |
| TOP OF THE 4TH |
|
University of Georgia Bulldogs batting - Pitching for University of Miami Hurricanes : LHP Ricky Lopez
|
|
Batting: RHB Terry Oetker
|
0-0: Ball 1-0: Called Strike 1-1: Foul Ball, location: 2F 1-2: Ball 2-2: Ball 3-2: SOLO HOME RUN (Flyball, 78XD, EV 96.9 MPH), Distance : 387 ft
|
|
Batting: RHB Jeff Floyd
|
0-0: Ground out 3-1 (Groundball, 34, EV 85.0 MPH)
|
|
Batting: RHB Armando Ramirez
|
0-0: Foul Ball, location: 2F 0-1: Ball 1-1: Ball 2-1: Ball 3-1: Called Strike 3-2: Base on Balls
|
|
Batting: RHB Ivan Barrientos
|
0-0: Ball 1-0: Ball 2-0: Called Strike 2-1: Foul Ball, location: 2F 2-2: Strikes out swinging
|
|
Batting: RHB Jose Garibay
|
0-0: Ball 1-0: Foul Ball, location: 2F 1-1: Ball 2-1: Fly out, F9 (Line Drive, 9, EV 86.3 MPH)
|
| Top of the 4th over - 1 run, 1 hit, 0 errors, 1 left on base; University of Georgia 3 - University of Miami 5 |
| BOTTOM OF THE 4TH |
|
University of Miami Hurricanes batting - Pitching for University of Georgia Bulldogs : RHP Matt Schmidt
|
|
Batting: LHB Timotheus Young
|
0-0: Called Strike 0-1: Ball 1-1: SINGLE (Groundball, 6M, EV 103.1 MPH) (infield hit)
|
|
Batting: RHB Alex Velasco
|
0-0: Ball 1-0: Ball 2-0: Ball 3-0: Base on Balls Timotheus Young to second
|
|
Batting: LHB Ramon Garduno
|
0-0: Ball 1-0: Called Strike 1-1: Foul Ball, location: 2F 1-2: Ball 2-2: Strikes out swinging
|
|
Batting: RHB Cesar Rendon
|
0-0: Ball 1-0: Ball 2-0: SINGLE (Groundball, 34D, EV 96.9 MPH) Timotheus Young to third Alex Velasco to second Runner from 3rd tries for Home, SAFE, throw by RF to home
|
|
Batting: LHB Kiyosumi Yoshioka
|
0-0: Called Strike 0-1: Ball 1-1: Fly out, F8 (Flyball, 8LXD, EV 100.6 MPH) Runner from 2nd tags up, SAFE at 3rd, no throw by CF
|
|
Batting: RHB Guo Kwok
|
0-0: Called Strike 0-1: Swinging Strike 0-2: Ball 1-2: SINGLE (Groundball, 6MD, EV 95.6 MPH) Alex Velasco scores Cesar Rendon to second
|
|
Batting: SHB Dan Strickland
|
0-0: Called Strike 0-1: Fly out, F5 (Popup, 5L, EV 61.9 MPH)
|
| Bottom of the 4th over - 2 runs, 3 hits, 0 errors, 2 left on base; University of Georgia 3 - University of Miami 7 |
| TOP OF THE 5TH |
|
University of Georgia Bulldogs batting - Pitching for University of Miami Hurricanes : LHP Ricky Lopez
|
|
Batting: RHB Pedro Gonzalez
|
0-0: Ball 1-0: Called Strike 1-1: Ball 2-1: Foul Ball, location: 2F 2-2: Foul Ball, location: 2F 2-2: Foul Ball, location: 2F 2-2: Foul Ball, location: 2F 2-2: Strikes out swinging
|
|
Batting: LHB Jesus Huante
|
0-0: Called Strike 0-1: Ball 1-1: Ground out 6-3 (Groundball, 6, EV 86.9 MPH)
|
|
Batting: RHB Patrick Pinault
|
0-0: Ball 1-0: Ball 2-0: Called Strike 2-1: Ball 3-1: Foul Ball, location: 2F 3-2: Strikes out swinging
|
| Top of the 5th over - 0 runs, 0 hits, 0 errors, 0 left on base; University of Georgia 3 - University of Miami 7 |
| BOTTOM OF THE 5TH |
|
University of Miami Hurricanes batting - Pitching for University of Georgia Bulldogs : RHP Matt Schmidt
|
|
Batting: RHB Akira Kubo
|
0-0: Swinging Strike 0-1: Swinging Strike 0-2: Fly out, F6 (Popup, 4MS, EV 69.4 MPH)
|
|
Batting: RHB R.J. Gomez
|
0-0: Foul Ball, location: 2F 0-1: Ground out 3-1 (Groundball, 34, EV 80.6 MPH)
|
|
Batting: LHB Timotheus Young
|
0-0: Fly out, F8 (Flyball, 8RD, EV 90.0 MPH)
|
| Bottom of the 5th over - 0 runs, 0 hits, 0 errors, 0 left on base; University of Georgia 3 - University of Miami 7 |
| TOP OF THE 6TH |
|
University of Georgia Bulldogs batting - Pitching for University of Miami Hurricanes : LHP Ricky Lopez
|
|
Pitching: RHP Dan Keck
|
|
|
Batting: LHB Antonio Razo
|
0-0: Ball 1-0: Ball 2-0: Foul Ball, location: 2F 2-1: Foul Ball, location: 2F 2-2: Ground out 5-3 (Groundball, 5S, EV 64.4 MPH)
|
|
Batting: RHB Terry Oetker
|
0-0: Ball 1-0: Ground out 5-3 (Groundball, 5L, EV 83.1 MPH)
|
|
Batting: RHB Jeff Floyd
|
0-0: Ball 1-0: Called Strike 1-1: Fly out, F8 (Flyball, 8RM, EV 79.4 MPH)
|
| Top of the 6th over - 0 runs, 0 hits, 0 errors, 0 left on base; University of Georgia 3 - University of Miami 7 |
| BOTTOM OF THE 6TH |
|
University of Miami Hurricanes batting - Pitching for University of Georgia Bulldogs : RHP Matt Schmidt
|
|
Batting: RHB Alex Velasco
|
0-0: Ball 1-0: Ball 2-0: Ball 3-0: Base on Balls
|
|
Pitching: RHP Andres Morales
|
|
|
Batting: LHB Ramon Garduno
|
0-0: Ball 1-0: Ball 2-0: 2-RUN HOME RUN (Flyball, 9LD, EV 92.5 MPH), Distance : 345 ft
|
|
Batting: RHB Cesar Rendon
|
0-0: Ball 1-0: Ball 2-0: Called Strike 2-1: Ball 3-1: Swinging Strike 3-2: Strikes out swinging
|
|
Batting: LHB Kiyosumi Yoshioka
|
0-0: Ball 1-0: Ball 2-0: Called Strike 2-1: Called Strike 2-2: Foul Ball, location: 2F 2-2: Ground out 6-3 (Groundball, 6M, EV 101.3 MPH)
|
|
Batting: RHB Guo Kwok
|
0-0: Ball 1-0: Swinging Strike 1-1: Foul Ball, location: 2F 1-2: Fly out, F6 (Flyball, 56D, EV 83.8 MPH)
|
| Bottom of the 6th over - 2 runs, 1 hit, 0 errors, 0 left on base; University of Georgia 3 - University of Miami 9 |
| TOP OF THE 7TH |
|
University of Georgia Bulldogs batting - Pitching for University of Miami Hurricanes : RHP Dan Keck
|
|
Pinch Hitting: RHB Minoru Matsumoto
|
0-0: Called Strike 0-1: Ball 1-1: Swinging Strike 1-2: Ball 2-2: Fly out, F8 (Flyball, 8RM, EV 71.9 MPH)
|
|
Batting: RHB Ivan Barrientos
|
0-0: Swinging Strike 0-1: Ball 1-1: Foul Ball, location: 2F 1-2: Strikes out swinging
|
|
Batting: RHB Jose Garibay
|
0-0: Called Strike 0-1: Foul Ball, location: 2F 0-2: Ball 1-2: Foul Ball, location: 2F 1-2: Foul Ball, location: 2F 1-2: Strikes out swinging
|
| Top of the 7th over - 0 runs, 0 hits, 0 errors, 0 left on base; University of Georgia 3 - University of Miami 9 |
| BOTTOM OF THE 7TH |
|
University of Miami Hurricanes batting - Pitching for University of Georgia Bulldogs : RHP Andres Morales
|
|
Now at 3B: Minoru Matsumoto
|
|
|
Batting: SHB Dan Strickland
|
0-0: Swinging Strike 0-1: Foul Ball, location: 2F 0-2: Fly out, F6 (Popup, 56, EV 55.0 MPH)
|
|
Batting: RHB Akira Kubo
|
0-0: Ball 1-0: Swinging Strike 1-1: Ball 2-1: Ground out 6-3 (Groundball, 6, EV 103.8 MPH)
|
|
Batting: RHB R.J. Gomez
|
0-0: Ball 1-0: Ball 2-0: Ball 3-0: Called Strike 3-1: Base on Balls
|
|
Batting: LHB Timotheus Young
|
0-0: Ball 1-0: Ball 2-0: Swinging Strike 2-1: Ball 3-1: DOUBLE (Flyball, 89D, EV 92.5 MPH) R.J. Gomez to third Runner from 3rd tries for Home, SAFE, throw by RF to home
|
|
Batting: RHB Alex Velasco
|
0-0: Ball 1-0: Ball 2-0: Ball 3-0: Called Strike 3-1: DOUBLE (Flyball, 89D, EV 113.1 MPH) Timotheus Young scores
|
|
Batting: LHB Ramon Garduno
|
0-0: Ball 1-0: Foul Ball, location: 2F 1-1: Ball 2-1: Ball 3-1: Base on Balls
|
|
Pitching: RHP Jon Trujillo
|
|
|
Pinch Hitting: RHB Declan Eichele
|
0-0: Ball 1-0: Ball 2-0: Ball 3-0: Base on Balls Alex Velasco to third Ramon Garduno to second
|
|
Batting: LHB Kiyosumi Yoshioka
|
0-0: Ball 1-0: Called Strike 1-1: Called Strike 1-2: Foul Ball, location: 2F 1-2: Ball 2-2: Ball 3-2: GRAND SLAM HOME RUN (Flyball, 9LD, EV 101.3 MPH), Distance : 375 ft
|
|
Batting: RHB Guo Kwok
|
0-0: Ball 1-0: Ground out 6-3 (Groundball, 6, EV 82.5 MPH)
|
| Bottom of the 7th over - 6 runs, 3 hits, 0 errors, 0 left on base; University of Georgia 3 - University of Miami 15 |
| TOP OF THE 8TH |
|
University of Georgia Bulldogs batting - Pitching for University of Miami Hurricanes : RHP Dan Keck
|
|
Now in RF: Danny de Leon
|
|
|
Pinch Hitting: SHB Javy Franco
|
0-0: Ball 1-0: Foul Ball, location: 2F 1-1: Foul Ball, location: 2F 1-2: Foul Ball, location: 2F 1-2: Ball 2-2: SINGLE (Groundball, 34D, EV 99.4 MPH)
|
|
Pinch Hitting: RHB Miguel Herrejon
|
0-0: Called Strike 0-1: Fielders Choice at 2nd, 6-4 (Groundball, 6, EV 77.5 MPH)
|
|
Pitching: RHP Zack Young
|
|
|
Pinch Hitting: LHB Mitsujiro Tanaka
|
0-0: Foul Ball, location: 2F 0-1: Ball 1-1: Swinging Strike 1-2: Ball 2-2: Ball 3-2: SINGLE (Line Drive, 78S, EV 107.5 MPH) Miguel Herrejon to second
|
|
Batting: LHB Antonio Razo
|
0-0: Ball 1-0: 3-RUN HOME RUN (Flyball, 9LD, EV 89.4 MPH), Distance : 329 ft
|
|
Batting: RHB Terry Oetker
|
0-0: Called Strike 0-1: Fly out, F9 (Flyball, 89S, EV 93.8 MPH)
|
|
Batting: RHB Jeff Floyd
|
0-0: Foul Ball, location: 2F 0-1: Ball 1-1: Swinging Strike 1-2: Strikes out looking
|
| Top of the 8th over - 3 runs, 3 hits, 0 errors, 0 left on base; University of Georgia 6 - University of Miami 15 |
| BOTTOM OF THE 8TH |
|
University of Miami Hurricanes batting - Pitching for University of Georgia Bulldogs : RHP Jon Trujillo
|
|
Now at 2B: Javy Franco
|
|
|
Now at SS: Rip Log
|
|
|
Now in LF: Mitsujiro Tanaka
|
|
|
Batting: SHB Dan Strickland
|
0-0: Fly out, F5 (Popup, 5S, EV 79.4 MPH)
|
|
Batting: RHB Akira Kubo
|
0-0: Ball 1-0: Swinging Strike 1-1: Foul Ball, location: 2F 1-2: Ball 2-2: Foul Ball, location: 2F 2-2: Foul Ball, location: 2F 2-2: Ground out 5-3 (Groundball, 56S, EV 91.3 MPH)
|
|
Batting: RHB R.J. Gomez
|
0-0: Called Strike 0-1: Called Strike 0-2: Foul Ball, location: 2F 0-2: Foul Ball, location: 2F 0-2: Ball 1-2: Fly out, F3 (Popup, 23F, EV 90.0 MPH)
|
| Bottom of the 8th over - 0 runs, 0 hits, 0 errors, 0 left on base; University of Georgia 6 - University of Miami 15 |
| TOP OF THE 9TH |
|
University of Georgia Bulldogs batting - Pitching for University of Miami Hurricanes : RHP Zack Young
|
|
Batting: RHB Minoru Matsumoto
|
0-0: Ball 1-0: Ground out 4-3 (Groundball, 4MS, EV 75.0 MPH)
|
|
Batting: RHB Ivan Barrientos
|
0-0: Swinging Strike 0-1: Ground out 6-3 (Groundball, 6, EV 78.8 MPH)
|
|
Pinch Hitting: RHB John Carpenter
|
0-0: Ball 1-0: Ball 2-0: Foul Ball, location: 2F 2-1: Ball 3-1: Base on Balls
|
|
Batting: SHB Javy Franco
|
0-0: Ball 1-0: Ball 2-0: Called Strike 2-1: Foul Ball, location: 2F 2-2: Ball 3-2: Ground out 6-3 (Groundball, 6, EV 86.3 MPH)
|
| Top of the 9th over - 0 runs, 0 hits, 0 errors, 1 left on base; University of Georgia 6 - University of Miami 15 |
|